 Dungeon Crawl Stone Soup version 0.26-a0-1033-gd598b01645 (webtiles) character file.

Game seed: 11533589224998998759

94 ruwin the Magician (level 4, -2/34 HPs)
             Began as a Draconian Hedge Wizard on Dec 11, 2020.
             Was an Initiate of Gozag.
             Slain by an orc
             ... wielding a +2 flail of protection
              (8 damage)
             ... on level 3 of the Dungeon.
             The game lasted 00:09:29 (2517 turns).

ruwin the Magician (Draconian Hedge Wizard)         Turns: 2517, Time: 00:09:30

Health: -2/34      AC:  6    Str: 12    XL:     4   Next: 38%
Magic:  2/9        EV: 12    Int: 16    God:    Gozag
Gold:   86         SH:  0    Dex: 10    Spells: 2/10 levels left

rFire    + . .     SeeInvis .   i - +2 short sword (elec)
rCold    . . .     Faith    .   (no shield)
rNeg     . . .     Spirit   .   (armour unavailable)
rPois    .         Reflect  .   b - +0 hat
rElec    .         Harm     .   g - scarf {repulsion}
rCorr    .         Rampage  .   (no gloves)
Will     .....                  k - +0 pair of boots
Stlth    ++........             (no amulet)
HPRegen  0.11/turn              j - ring of protection from fire
MPRegen  0.11/turn              (no ring)

@: berserk cooldown, slowed, repel missiles, very slow
A: unfitting armour, cold-blooded, AC +5
a: Potion Petition, Call Merchant, Bribe Branch, Renounce Religion


You were on level 3 of the Dungeon.
You worshipped Gozag.
Gozag was noncommittal.
You visited 1 branch of the dungeon, and saw 3 of its levels.

You collected 106 gold pieces.
You paid 20 gold pieces to Gozag.

Inventory:

Hand Weapons
 a - a +0 dagger
 i - a +2 short sword of electrocution (weapon)
Missiles
 f - 78 arrows
Armour
 b - a +0 hat (worn)
 g - a scarf of repulsion (worn)
 k - a +0 pair of boots (worn)
Jewellery
 j - a ring of protection from fire (left hand)
Scrolls
 n - a scroll of remove curse
Potions
 c - a potion of berserk rage
 d - a potion of brilliance
 e - a potion of mutation {unknown}
 h - a potion of curing {unknown}
 l - a potion of resistance {unknown}
 m - 2 potions of heal wounds {unknown}
 o - a potion of attraction {unknown}


   Skills:
 - Level 0.3 Fighting
 - Level 0.5 Short Blades
 + Level 2.1 Dodging
 - Level 1.9 Stealth
 + Level 3.9 Spellcasting
 * Level 2.2 Conjurations
 + Level 1.1 Summonings
 * Level 1.3 Translocations


You had 2 spell levels left.
You knew the following spells:

 Your Spells              Type           Power        Failure   Level
a - Magic Dart            Conj           ##..         7%          1
b - Blink                 Tloc           N/A          14%         2
c - Call Imp              Summ           #.......     16%         2
d - Conjure Flame         Conj/Fire      #.......     32%         3

Your spell library contained the following spells:

 Spells                   Type           Power        Failure   Level
 Slow                     Hex            #.......     26%         2
 Mephitic Cloud           Conj/Pois/Air  #.......     36%         3


Dungeon Overview and Level Annotations

Branches:
Dungeon (3/15)

Altars:
Gozag
Makhleb
Okawaru
Trog


Innate Abilities, Weirdness & Mutations

Your plain brown scales are hard. (AC +5)
You cannot fit into any form of body armour.
You are cold-blooded and may be slowed by cold attacks.


Message History

Aim: an orc, wielding a +2 flail of protection (0% to evade)
The magic dart hits the orc.
The orc is heavily wounded.
The orc is no longer distracted by gold.
The orc completely misses you. The orc closely misses you.
Okay, then.
You hit the orc but do no damage.
The orc is heavily wounded.
The orc barely misses you.
The orc hits you with a +2 flail of protection!
* * * LOW HITPOINT WARNING * * *
The orc becomes distracted by the nearby gold, dreaming of imaginary riches.
The orc barely misses you.
The orc shouts!
The orc is no longer distracted by gold.
The orc hits you with a +2 flail of protection.
* * * LOW HITPOINT WARNING * * *
The orc hits you with a +2 flail of protection!
You die...
Your body crumbles into a pile of gold.

... #....... .... #.#
#....... #...### .#.#
#<...... #......
####.#.# #.......
#...... ...
#.#########.###
....... #.#
#...........# ...?...
##.###.###########
.......###........#
#......$ogoo@.....#
#......###..####......
....... #..# ...###
..<#... #..+ ..## .#
#... #..# ..# ?..#
#... ..# )... .....
###.. .....


You could see 3 orcs and a hobgoblin.

Vanquished Creatures
  4 adders
  2 worms (D:2)
  3 leopard geckos
  An orc (D:3)
  3 giant cockroaches
  5 goblins
  4 hobgoblins
  6 bats
  6 frilled lizards
  9 kobolds
  8 rats
51 creatures vanquished.

Vanquished Creatures (collateral kills)
  A hobgoblin (D:1)
1 creature vanquished.

Grand Total: 52 creatures vanquished

Notes
Turn   | Place    | Note
-------+----------+-------------------------------------------
     0 | D:1      | ruwin the Draconian Hedge Wizard began the quest for the
                  | Orb.
     0 | D:1      | Reached XP level 1. HP: 14/14 MP: 4/4
   355 | D:1      | Reached XP level 2. HP: 17/20 MP: 3/6
   403 | D:1      | Learned a level 2 spell: Blink
   406 | D:1      | Learned a level 2 spell: Call Imp
   953 | D:1      | Reached XP level 3. HP: 27/27 MP: 4/8
  1222 | D:2      | Learned a level 3 spell: Conjure Flame
  1816 | D:2      | Found a bloodstained altar of Trog.
  1993 | D:2      | Reached XP level 4. HP: 33/34 MP: 1/9
  2130 | D:2      | Found an opulent altar of Gozag.
  2138 | D:2      | Became a worshipper of Gozag Ym Sagoz the Greedy
  2249 | D:2      | Found an iron altar of Okawaru.
  2285 | D:2      | Found a burning altar of Makhleb.
  2517 | D:3      | Slain by an orc

Illustrated notes

Levels and vault maps discovered:
D:1:      minmay_arrival_four_houses, layout_rooms, supply_closet_lemuel
D:2:      layout_loops_ring, okawaru_metal_pillars_1_2, lightli_temple_of_fire,
          lemuel_doored_altar, nicolae_gozag_cash_rules_everything_around_me
D:3:      layout_loops_ring, corexii_shack, kennysheep_nondescript,
          nicolae_tso_swordbearing_angel

Skill      XL: |  1  2  3 |
---------------+----------+-----
Dodging        | 2 |  2.1
Conjurations   | 2 |  2.2
Fighting       | |  0.3
Short Blades   | |  0.5
Stealth        | |  1.9
Spellcasting   | |  3.9
Summonings     | |  1.1
Translocations | |  1.3

Action                   |  1- 3 |  4- 6 || total
-------------------------+-------+-------++-------
Melee: Dagger            |    20 |       ||    20
       Tailslap          |     5 |       ||     5
       Short sword       |    39 |    27 ||    66
 Cast: Magic Dart        |    74 |    23 ||    97
       Call Imp          |     2 |       ||     2
       Conjure Flame     |     2 |       ||     2
  Use: Scroll            |     7 |       ||     7
       Potion            |       |     1 ||     1
 Stab: Sleeping          |     1 |       ||     1
Armor: Skin              |    22 |    16 ||    38
Dodge: Dodged            |    48 |    27 ||    75

Table legend: (Time is in decaauts)
 A = Elapsed time spent in this place.
 B = Non-inter-level travel time spent in this place.
 C = Inter-level travel time spent in this place.
 D = Time resting spent in this place.
 E = Time spent auto-exploring this place.
 F = Levels seen in this place.
 G = Mean time per level.
                   A        B        C        D        E       F      G
               +--------+--------+--------+--------+--------+-----+--------+
         Total |   2520 |   2416 |    104 |    758 |   1261 |   3 |  840.0 |
       Dungeon |   2520 |   2416 |    104 |    758 |   1261 |   3 |  840.0 |
               +--------+--------+--------+--------+--------+-----+--------+

Top non-repeatable levels by time:
     D:1: 1212 daAuts
     D:2: 1191 daAuts
     D:3: 115 daAuts
